 Dungeon Crawl Stone Soup version 0.18.1-48-g4cf74bf (webtiles) character file.

26 Eukament the Chiller (level 3, 0/21 HPs)
             Began as an Octopode Ice Elementalist on Aug 12, 2016.
             Slain by a kobold (1 damage)
             ... on level 1 of the Dungeon.
             The game lasted 00:03:02 (1200 turns).

Eukament the Chiller (Octopode Ice Elementalist)    Turns: 1200, Time: 00:03:03

Health: 0/21       AC:  1    Str:  7    XL:     3   Next: 8%
Magic:  0/6        EV: 12    Int: 18    God:
Gold:   38         SH:  0    Dex: 12    Spells: 2 memorised, 3 levels left

rFire  . . .     SeeInvis .     (no weapon)
rCold  . . .     Gourm    .     (no shield)
rNeg   . . .     Faith    .     (helmet restricted)
rPois  .         Spirit   .     (no amulet)
rElec  .         Dismiss  .     (no ring)
rCorr  .         Reflect  .     (no ring)
SustAt .         Harm     .     (no ring)
MR     .....                    (no ring)
Stlth  +++.......               (no ring)
                                (no ring)
                                (no ring)
                                (no ring)

@: not resistant to hostile enchantments, fairly stealthy
A: almost no armour, amphibious, 8 rings, constrict 8, camouflage 1, gelatinous
body 1
a: no special abilities


You were on level 1 of the Dungeon.
You were not hungry.

You visited 1 branch of the dungeon, and saw 1 of its levels.

You collected 38 gold pieces.

Inventory:

Scrolls
 d - a scroll of enchant armour {unknown}
Potions
 c - a potion of heal wounds {unknown}
 e - a potion of degeneration {unknown}
Books
 a - a book of Frost

   Spells                             Type                      Level
   a - Freeze                         Ice                          1
   b - Throw Frost                    Conjuration/Ice              2
   c - Ozocubu's Armour               Charms/Ice                   3
   d - Throw Icicle                   Conjuration/Ice              4
   e - Summon Ice Beast               Ice/Summoning                4
Comestibles
 b - 2 bread rations
 f - 2 royal jellies
 g - a meat ration


   Skills:
 - Level 2.0 Dodging
 + Level 2.8 Stealth
 - Level 2.0 Spellcasting
 - Level 1.0 Conjurations
 * Level 4.1 Ice Magic


You had 3 spell levels left.
You knew the following spells:

 Your Spells              Type           Power        Failure   Level  Hunger
a - Freeze                Ice            ###.         3%          1    #......
b - Throw Frost           Conj/Ice       ##....       12%         2    ###....


Dungeon Overview and Level Annotations

Branches:
Dungeon (1/15)

Altars:


Innate Abilities, Weirdness & Mutations

You cannot wear most types of armour.
You are amphibious.
You can wear up to eight rings at the same time.
You can use your tentacles to constrict eight enemies at once.
Your skin changes colour to match your surroundings (Stealth).
Your rubbery body absorbs attacks (AC +1).


Message History

Press: ? - help, Shift-Dir - straight line, f - goblin
Aim: a goblin You freeze the goblin.
The goblin is severely wounded.
The goblin completely misses you. The goblin hits you.
You tentacle-slap the goblin.
You kill the goblin!
The goblin misses you.
You barely miss the kobold. You grab the kobold.
You constrict the kobold, but do no damage.
The goblin hits you. The kobold barely misses you.
The kobold hits you with a whip.
* * * LOW HITPOINT WARNING * * *
A kobold comes into view. It is wielding a dagger.
The kobold shouts!
You tentacle-slap the kobold but do no damage.
You constrict the kobold. The goblin hits you.
* * * LOW HITPOINT WARNING * * *
The kobold hits you.
You die...

#..# #........# #.#
#..# #........### #.#
...# ##..........#
#.# ..##
..........#.#######.#
..#
##..###...#.........#
#.# ##..
#...#########.# #>#
##... ##...# ### ###
#..K..##....# #
#..K@....# #
#.#.gK..### # #..).##
# #....## # ...#### #
#### # # #


You could see a goblin and 3 kobolds.

Vanquished Creatures
  4 dart slugs (D:1)
  2 bats (D:1)
  A giant cockroach (D:1)
  3 goblins (D:1)
  3 hobgoblins (D:1)
  2 kobolds (D:1)
  A rat (D:1)
16 creatures vanquished.

Notes
Turn   | Place    | Note
--------------------------------------------------------------
     0 | D:1      | Eukament the Octopode Ice Elementalist began the quest for the Orb.
     0 | D:1      | Reached XP level 1. HP: 11/11 MP: 3/3
   307 | D:1      | Reached XP level 2. HP: 17/17 MP: 3/5
  1103 | D:1      | Reached skill level 4 in Ice Magic
  1127 | D:1      | Learned a level 2 spell: Throw Frost
  1196 | D:1      | Reached XP level 3. HP: 19/21 MP: 1/6
  1200 | D:1      | HP: 1/21 [goblin (4)]
  1200 | D:1      | Slain by a kobold

Skill      XL: |  1  2 |
---------------+-------+-----
Ice Magic      | 4 |  4.1
Dodging        | |  2.0
Stealth        | |  2.8
Spellcasting   | |  2.0
Conjurations   | |  1.0

Action                   || total
-------------------------++-------
Melee: Unarmed           ||    17
       Tentacles         ||     4
       Constrict         ||     5
 Cast: Freeze            ||    27
 Stab: Sleeping          ||     1
  Eat: Royal jelly       ||     1
Armor: Skin              ||     4
Dodge: Dodged            ||    29
